[Event "Titled Tuesday Blitz June 6 Late 2023"]
[White "zano2023"]
[Black "Francisco_Ferrari"]
[WhiteElo "2147"]
[BlackElo "2188"]
[Result "0-1"]
[Round "9"]
[TimeControl "180+2"]
[Date "2023.06.07"]
[WhiteClock "0:00:05"]
[BlackClock "0:00:10"]
[Board "104"]

1. d4 d5 2. Nf3 Nf6 3. Nbd2 e6 4. e3 Bd6 5. Bd3 O-O 6. O-O Nbd7 7. e4 dxe4 8. Nxe4 Nxe4 9. Bxe4 Nf6 10. Bd3 h6 11. Re1 b6 12. Qe2 Bb7 13. h3 Nd5 14. Qe4 f5 15. Qxe6+ Kh8 16. Bxh6 Rf6 17. Bxg7+ Kxg7 18. Ng5 Rxe6 19. Nxe6+ Kf6 20. Nxd8 Rxd8 21. c3 Nf4 22. Bf1 Bxg2 23. Bxg2 Rg8 24. Kf1 Rxg2 25. Re3 Rh2 26. Kg1 Nxh3+ 27. Rxh3 Rxh3 28. Re1 Rd3 29. Re2 Bf4 30. Kg2 Rd2 31. Re8 Rxb2 32. Kf3 Bd6 33. a4 Rb3 34. Re3 c5 35. dxc5 Bxc5 36. Rd3 Ke5 37. Kg3 Rb2 38. f4+ Ke4 39. Rd7 Rb3 40. Rxa7 Rxc3+ 41. Kh4 Kxf4 42. a5 Bf2+ 43. Kh5 bxa5 44. Rxa5 Rh3+ 45. Kg6 Rg3+ 46. Kf6 Kg4 47. Ke6 f4 48. Ra4 Kf3 49. Kf5 Rg4 50. Ra3+ Be3 51. Rb3 Kg3 52. Rc3 Rh4 53. Kg5 Rh2 54. Rc1 Re2 55. Rf1 f3+ 56. Kf5 Rf2 57. Rh1 Rg2 58. Rh8 f2 59. Rg8+ Kh2 60. Rh8+ Kg1 0-1


[Site "https://www.chess.com"]

[Event "Titled Tuesday Blitz June 6 Late 2023"]
[White "Tarnowska, Aleksandra"]
[Black "Swicarz, Maciej"]
[WhiteFideId "1180967"]
[BlackFideId "1113585"]
[WhiteElo "1776"]
[BlackElo "2181"]
[Result "0-1"]
[Round "9"]
[TimeControl "180+2"]
[Date "2023.06.07"]
[WhiteClock "0:00:53"]
[BlackClock "0:02:11"]
[Board "105"]

1. e4 c6 2. d4 d5 3. Nc3 a6 4. Be3 e6 5. Qd2 Nf6 6. f3 Bb4 7. e5 Nfd7 8. Bd3 c5 9. Nge2 c4 10. Bg5 Be7 11. Bxe7 Qxe7 12. Bf5 exf5 13. Nxd5 Qd8 14. Qb4 Nc6 15. Qxc4 O-O 16. O-O Nb6 17. Nxb6 Qxb6 18. b3 Nxe5 19. Kh1 Nxc4 0-1


[Site "https://www.chess.com"]

[Event "Titled Tuesday Blitz June 6 Late 2023"]
[White "Kornyukov, Alexey"]
[Black "el_sporco"]
[WhiteFideId "4150457"]
[WhiteElo "2352"]
[BlackElo "2414"]
[Result "1-0"]
[Round "9"]
[TimeControl "180+2"]
[Date "2023.06.07"]
[WhiteClock "0:00:06"]
[BlackClock "0:00:01"]
[Board "106"]

1. d4 Nf6 2. c4 e6 3. Nc3 Bb4 4. f3 d5 5. a3 Bxc3+ 6. bxc3 O-O 7. e3 c5 8. cxd5 exd5 9. Bd3 Qa5 10. Bd2 Nc6 11. Ne2 Re8 12. O-O Bd7 13. Ng3 Rac8 14. Rb1 b6 15. e4 cxd4 16. cxd4 Qxa3 17. Rb3 Qa4 18. Bg5 Nxd4 19. Bxf6 gxf6 20. Nh5 Qxb3 21. Qd2 Ne6 22. Qh6 Qc3 23. exd5 Qd4+ 24. Kh1 f5 25. Bxf5 Bb5 26. Bxh7+ Kh8 27. Bg6+ Kg8 28. Bh7+ Kh8 29. dxe6 Qe5 30. Bg6+ Kg8 31. exf7# 1-0


[Site "https://www.chess.com"]

[Event "Titled Tuesday Blitz June 6 Late 2023"]
[White "Kostiukov, Alexandr"]
[Black "Hartikainen, Jarmo"]
[WhiteFideId "14108100"]
[BlackFideId "503134"]
[WhiteElo "2202"]
[BlackElo "2129"]
[Result "1-0"]
[Round "9"]
[TimeControl "180+2"]
[Date "2023.06.07"]
[WhiteClock "0:00:12"]
[BlackClock "0:00:08"]
[Board "107"]

1. g3 g6 2. Bg2 Bg7 3. Nf3 Nf6 4. c4 c5 5. O-O O-O 6. d4 d5 7. dxc5 dxc4 8. Qa4 Qc7 9. Qxc4 Be6 10. Qh4 Qxc5 11. Nc3 Qh5 12. Qxh5 Nxh5 13. Ng5 Nc6 14. Nxe6 fxe6 15. Bh3 e5 16. Bg5 h6 17. Be3 Rad8 18. Rfd1 Nd4 19. Rac1 a6 20. Kf1 Nf6 21. Ke1 Kh7 22. Na4 Nd5 23. Bxd4 exd4 24. Nc5 d3 25. Rxd3 Rd6 26. Ne6 Rf6 27. Nxg7 Kxg7 28. Rcd1 e6 29. e4 Nb4 30. Rxd6 Nc2+ 31. Ke2 Nb4 32. Rxe6 Nc6 33. Rxf6 Kxf6 34. Rd5 Ne7 35. Rd6+ Kf7 36. Rd7 Kf6 37. Rxb7 Nc6 38. Rb6 Ke5 39. Rxc6 Kxe4 40. Bg2+ Kd4 41. f4 a5 42. Rxg6 Kc5 43. Rxh6 a4 44. Ra6 a3 45. Rxa3 Kd4 46. Rd3+ Kc4 47. f5 Kc5 48. f6 Kb6 49. f7 Kc7 50. f8=Q 1-0


[Site "https://www.chess.com"]

[Event "Titled Tuesday Blitz June 6 Late 2023"]
[White "Eggleston, Thomas A"]
[Black "Torres Dominguez, David"]
[WhiteFideId "412139"]
[BlackFideId "2220857"]
[WhiteElo "2155"]
[BlackElo "1999"]
[Result "1-0"]
[Round "9"]
[TimeControl "180+2"]
[Date "2023.06.07"]
[WhiteClock "0:00:42"]
[BlackClock "0:00:03"]
[Board "108"]

1. e4 Nc6 2. d4 e5 3. d5 Nce7 4. h4 d6 5. h5 f5 6. h6 g6 7. Nc3 f4 8. g3 Bxh6 9. Rxh6 Nxh6 10. gxf4 O-O 11. fxe5 Ng4 12. e6 Nxf2 13. Qd4 Nc6 14. dxc6 Qh4 15. Nf3 Rxf3 16. e7 Ng4+ 17. Ke2 Rf2+ 18. Kd3 Ne5+ 19. Qxe5 Rf3+ 20. Be3 dxe5 21. e8=Q+ Kg7 22. Qxe5+ Kg8 23. Nd5 bxc6 24. Ne7+ Kf7 25. Nxc8 Rxc8 26. Kc3 Rxe3+ 27. Kd4 Rxe4+ 28. Qxe4 Rd8+ 29. Ke3 Re8 30. Bc4+ Kg7 31. Qxe8 Qg3+ 32. Kd4 Qd6+ 33. Kc3 Qf6+ 34. Kb3 Qf3+ 35. c3 1-0


[Site "https://www.chess.com"]

[Event "Titled Tuesday Blitz June 6 Late 2023"]
[White "Ricaurte Lopez, Juan Carlos"]
[Black "Ogreberbere"]
[WhiteFideId "3600327"]
[WhiteElo "2200"]
[BlackElo "2182"]
[Result "0-1"]
[Round "9"]
[TimeControl "180+2"]
[Date "2023.06.07"]
[WhiteClock "0:00:02"]
[BlackClock "0:00:06"]
[Board "109"]

1. e4 e6 2. d4 d5 3. exd5 exd5 4. Nf3 Nc6 5. Bb5 Bd6 6. O-O Ne7 7. c4 dxc4 8. Re1 O-O 9. h3 Be6 10. Nc3 a6 11. Bxc6 bxc6 12. Bg5 h6 13. Bh4 Qd7 14. Ne5 Bxe5 15. dxe5 Qxd1 16. Raxd1 Nf5 17. Re4 Nxh4 18. Rxh4 Rab8 19. Rd2 Rfd8 20. Re2 Rd3 21. Rf4 Rbd8 22. Kh2 Rd2 23. Rfe4 Kf8 24. Kg3 Ke7 25. f3 R8d3 26. Kf2 Bd5 27. Re3 g5 28. Na4 h5 29. Nc5 Rxe2+ 30. Kxe2 Rxe3+ 31. Kxe3 a5 32. g4 hxg4 33. hxg4 f6 34. exf6+ Kxf6 35. f4 gxf4+ 36. Kxf4 c3 37. g5+ Kg6 38. bxc3 Bxa2 39. Nd7 Bb1 40. Ne5+ Kg7 41. Nxc6 a4 42. Nb4 a3 43. Ke5 a2 44. Nxa2 Bxa2 45. Kd4 Be6 46. Kc5 Bd7 47. Kd5 Kg6 48. Ke5 Kxg5 49. c4 Kg6 50. c5 Kf7 51. Kd5 Ke7 52. Ke5 Bc6 0-1


[Site "https://www.chess.com"]

[Event "Titled Tuesday Blitz June 6 Late 2023"]
[White "Mikhalsky, Vladimir"]
[Black "Brown, Raehanna"]
[WhiteFideId "14144352"]
[BlackFideId "7402740"]
[WhiteElo "2236"]
[BlackElo "1655"]
[Result "1-0"]
[Round "9"]
[TimeControl "180+2"]
[Date "2023.06.07"]
[WhiteClock "0:00:14"]
[BlackClock "0:00:04"]
[Board "110"]

1. d4 Nf6 2. c4 g6 3. f3 Bg7 4. e4 d6 5. Nc3 O-O 6. Be3 Nbd7 7. Qd2 c5 8. d5 a6 9. g4 b5 10. h4 bxc4 11. h5 Ne5 12. Bh6 Qb6 13. hxg6 fxg6 14. Bxg7 Kxg7 15. O-O-O Rf7 16. f4 Nexg4 17. Nf3 Rb8 18. e5 Ne8 19. Ng5 Rxf4 20. Rxh7+ Kg8 21. Rxe7 Rf2 22. Rxe8+ Kg7 23. Be2 Nxe5 24. Rh1 Nd3+ 25. Bxd3 Rxd2 26. Rh7+ Kf6 27. Nge4+ Kf5 28. Nxd6+ Kg4 29. Nxc4 Qf6 30. Nxd2 Qd4 31. Be2+ Kg5 32. Nde4+ Kf4 33. Rf7+ Ke3 34. Nxc5+ Be6 35. Rxe6+ Qe4 36. Rxe4# 1-0


[Site "https://www.chess.com"]

[Event "Titled Tuesday Blitz June 6 Late 2023"]
[White "campochess"]
[Black "Magallanes, Rey Jomar"]
[BlackFideId "5205948"]
[WhiteElo "2152"]
[BlackElo "2280"]
[Result "1-0"]
[Round "9"]
[TimeControl "180+2"]
[Date "2023.06.07"]
[WhiteClock "0:00:50"]
[BlackClock "0:00:16"]
[Board "111"]

1. Nf3 d5 2. b3 Nf6 3. Bb2 e6 4. g3 Be7 5. Bg2 O-O 6. O-O c5 7. c4 Nc6 8. cxd5 exd5 9. Ne5 Nxe5 10. Bxe5 Be6 11. d4 Rc8 12. dxc5 Bxc5 13. Nd2 Bd6 14. Nf3 Bxe5 15. Nxe5 Qd6 16. Nd3 Rfd8 17. Qd2 Nd7 18. Rac1 Ne5 19. Nf4 Rxc1 20. Rxc1 Nc6 21. e4 d4 22. Nd5 f5 23. Nf4 Bd7 24. exf5 Bxf5 25. Re1 Ne5 26. Qa5 Re8 27. Qb5 Qe7 28. Kh1 Qd7 29. Qxd7 Bxd7 30. Bxb7 Kf8 31. Rd1 Rb8 32. Be4 Rb4 33. Nd5 Rb8 34. Rxd4 Bg4 35. Kg2 Rc8 36. f4 Bf3+ 37. Bxf3 Rc2+ 38. Kh3 Rxh2+ 39. Kxh2 Nxf3+ 40. Kg2 Nxd4 41. Kf2 Ke8 42. g4 Kd7 43. Ke3 Ne6 44. f5 Nd8 45. f6 gxf6 46. Nxf6+ Ke6 47. Nxh7 Kf7 48. Ng5+ Kg6 49. Ne4 Ne6 50. b4 Nc7 51. Kd4 Nb5+ 52. Kc5 Na3 53. b5 Nc2 54. a4 Ne3 55. a5 Nxg4 56. b6 axb6+ 57. Kxb6 Ne5 58. a6 Nd7+ 59. Kc7 Nc5 60. Nxc5 Kf6 61. a7 1-0


[Site "https://www.chess.com"]

[Event "Titled Tuesday Blitz June 6 Late 2023"]
[White "Sarkar, Justin"]
[Black "Miller, Ike S"]
[WhiteFideId "2010011"]
[BlackFideId "2022532"]
[WhiteElo "2151"]
[BlackElo "2122"]
[Result "1-0"]
[Round "9"]
[TimeControl "180+2"]
[Date "2023.06.07"]
[WhiteClock "0:00:01"]
[BlackClock "0:00:09"]
[Board "112"]

1. d4 Nf6 2. c4 e6 3. Nc3 Bb4 4. Bd2 O-O 5. a3 Bxc3 6. Bxc3 d5 7. e3 b6 8. Bd3 dxc4 9. Bxc4 Bb7 10. f3 Nd5 11. Bd2 f5 12. Ne2 Nd7 13. O-O N7f6 14. Rc1 c5 15. Re1 Qd7 16. dxc5 bxc5 17. Qc2 Nb6 18. Ba2 Rac8 19. Red1 Bd5 20. Bc3 Qb7 21. Bxf6 Rxf6 22. Bb1 Bxf3 23. gxf3 Qxf3 24. Ng3 Qxe3+ 25. Qf2 Qg5 26. Kh1 Nd5 27. Rxc5 Rcf8 28. Rg1 Qh4 29. Ne4 Qxf2 30. Nxf2 Ne3 31. Rc7 R8f7 32. Rxf7 Kxf7 33. Nd3 Nc4 34. Ba2 Nd6 35. Ne5+ Ke8 36. Rxg7 Ne4 37. Rxh7 Nf2+ 38. Kg2 Nd1 39. Kf1 Nxb2 40. Rxa7 Rh6 41. a4 Rxh2 42. Bxe6 Rh1+ 43. Kg2 Re1 44. Bd7+ Kd8 45. Nc6# 1-0


[Site "https://www.chess.com"]

[Event "Titled Tuesday Blitz June 6 Late 2023"]
[White "Diaz Rosas, Julio Cesar"]
[Black "NtcPou"]
[WhiteFideId "5105099"]
[WhiteElo "2284"]
[BlackElo "2044"]
[Result "1-0"]
[Round "9"]
[TimeControl "180+2"]
[Date "2023.06.07"]
[WhiteClock "0:01:32"]
[BlackClock "0:01:47"]
[Board "113"]

1. e4 c6 2. d4 d5 3. e5 Bf5 4. h4 h5 5. Bd3 Bxd3 6. Qxd3 e6 7. Nf3 c5 8. c4 dxc4 9. Qxc4 Qc7 10. O-O Ne7 11. Nc3 a6 12. dxc5 Nbc6 13. Bf4 Ng6 14. Bg3 Be7 15. Ne4 Ncxe5 16. Nxe5 Nxe5 17. Qc3 Bf6 18. Nd6+ Ke7 19. Bxe5 Bxe5 20. Qxe5 f6 21. Qe3 1-0


[Site "https://www.chess.com"]

[Event "Titled Tuesday Blitz June 6 Late 2023"]
[White "Figorito, Nick"]
[Black "Alimpic, Aleksa"]
[WhiteFideId "30923689"]
[BlackFideId "974323"]
[WhiteElo "2324"]
[BlackElo "2298"]
[Result "0-1"]
[Round "9"]
[TimeControl "180+2"]
[Date "2023.06.07"]
[WhiteClock "0:00:33"]
[BlackClock "0:00:17"]
[Board "115"]

1. Nf3 Nf6 2. g3 d5 3. Bg2 Bg4 4. O-O c6 5. b4 Nbd7 6. a4 e5 7. b5 Bd6 8. Ba3 Bxa3 9. Nxa3 O-O 10. c4 Qe7 11. bxc6 bxc6 12. cxd5 cxd5 13. Nb5 a6 14. Nc3 d4 15. Nb1 Rab8 16. d3 h6 17. Nbd2 Be6 18. Rb1 Nd5 19. Rxb8 Rxb8 20. Nc4 Nc3 21. Qc2 Qc5 22. Nb2 Bb3 23. Qd2 Bd5 24. Ra1 Qb4 25. Nd1 a5 26. Ne1 Bxg2 27. Kxg2 Nf6 28. Nc2 Qb7+ 29. Kg1 Nfd5 30. Nxc3 Nxc3 31. Na3 Qb2 32. Qxb2 Rxb2 33. Nc4 Rxe2 34. Nxa5 e4 35. dxe4 d3 36. Nc4 d2 37. Nxd2 Rxd2 38. a5 Rd7 39. a6 Ra7 40. f3 Nb5 41. Rb1 Nc7 42. Rb7 Rxb7 43. axb7 Na6 44. Kf2 Kf8 45. Ke3 Ke7 46. Kd4 Kd6 47. f4 f6 48. g4 g5 49. e5+ fxe5+ 50. fxe5+ Ke6 51. Ke4 Nb8 52. h3 Nd7 53. Kd4 Nb8 54. Kc5 Kxe5 55. Kb6 Kd6 56. Ka7 Kc7 57. Ka8 Nc6 58. b8=Q+ Nxb8 59. Ka7 Nc6+ 60. Ka6 Kd6 61. Kb5 Kd5 62. Kb6 Ne5 63. Kc7 Ke4 64. Kd8 Nf3 65. Ke7 Kf4 66. Kf6 Kg3 67. Kg6 Kh4 68. Kxh6 Ng1 69. Kg6 Nxh3 70. Kf5 Nf2 71. Ke5 Nxg4+ 72. Ke4 Nf6+ 73. Kf3 Kh3 74. Kf2 g4 75. Kg1 g3 76. Kh1 g2+ 77. Kg1 Ng8 78. Kf2 Kh2 79. Kf3 g1=Q 80. Kf4 Nh6 81. Ke4 Ng4 82. Kd3 Nf2+ 83. Ke3 Nh1+ 84. Ke2 Qg2+ 85. Ke1 Qf2+ 86. Kd1 Kg3 87. Kc1 Kf3 88. Kb1 Ke3 89. Ka1 Kd3 90. Kb1 Kc3 91. Ka1 Ng3 92. Kb1 Nh5 93. Ka1 Ng7 94. Kb1 Nf5 95. Ka1 Ne7 96. Kb1 Nd5 97. Ka1 Nc7 98. Kb1 Nb5 99. Ka1 Nd4 100. Kb1 Qg2 101. Ka1 Nb3+ 102. Kb1 Qb2# 0-1


[Site "https://www.chess.com"]

[Event "Titled Tuesday Blitz June 6 Late 2023"]
[White "Nakamura, Hikaru"]
[Black "Kovalev, Vladislav"]
[WhiteFideId "2016192"]
[BlackFideId "13504398"]
[WhiteElo "2874"]
[BlackElo "2555"]
[Result "1-0"]
[Round "10"]
[TimeControl "180+2"]
[Date "2023.06.07"]
[WhiteClock "0:01:21"]
[BlackClock "0:00:04"]
[Board "1"]

1. g3 Nf6 2. Bg2 d5 3. d3 e5 4. Nd2 Bd6 5. e4 dxe4 6. dxe4 O-O 7. Ngf3 Be6 8. h3 a5 9. O-O h6 10. Qe2 Qe8 11. b3 a4 12. Bb2 Nc6 13. Nc4 Bxc4 14. Qxc4 Qe7 15. Nh4 Ba3 16. Ng6 Qc5 17. Qxc5 Bxc5 18. Nxf8 Kxf8 19. c3 b5 20. Rfd1 a3 21. Bc1 b4 22. Bd2 bxc3 23. Bxc3 Nd4 24. Bxd4 Bxd4 25. Rxd4 exd4 26. e5 Re8 27. exf6 Re2 28. fxg7+ Kxg7 29. b4 Kf6 30. Bf1 Rb2 31. b5 Ke5 32. Rc1 Rxa2 33. Rxc7 Rb2 34. Ra7 a2 35. Kg2 Kd5 36. b6 Kc6 37. b7 Kc7 38. Bc4 f5 1-0


[Site "https://www.chess.com"]

[Event "Titled Tuesday Blitz June 6 Late 2023"]
[White "Duda, Jan-Krzysztof"]
[Black "Nepomniachtchi, Ian"]
[WhiteFideId "1170546"]
[BlackFideId "4168119"]
[WhiteElo "2783"]
[BlackElo "2781"]
[Result "0-1"]
[Round "10"]
[TimeControl "180+2"]
[Date "2023.06.07"]
[WhiteClock "0:00:03"]
[BlackClock "0:01:21"]
[Board "2"]

1. e4 c5 2. Nf3 e6 3. d4 cxd4 4. Nxd4 Nc6 5. Nc3 Qc7 6. Be3 a6 7. g4 h6 8. a3 Nf6 9. Bg2 Ne5 10. h3 b5 11. O-O Bb7 12. Nde2 Nc4 13. Bc1 Bd6 14. b3 Ne5 15. Be3 g5 16. Qd2 h5 17. Bxg5 Be7 18. Bxf6 Bxf6 19. g5 Be7 20. f4 Ng6 21. b4 Rg8 22. Rad1 O-O-O 23. Qe3 Nh4 24. Qf2 Nxg2 25. Kxg2 h4 26. Kh1 f6 27. gxf6 Bxf6 28. Rd3 Kb8 29. Qe3 d5 30. exd5 exd5 31. Nd4 Rg3 32. Rf3 Rdg8 33. Nce2 Rg2 34. Rc3 Qg7 35. Nc6+ Bxc6 0-1


[Site "https://www.chess.com"]

[Event "Titled Tuesday Blitz June 6 Late 2023"]
[White "Deac, Bogdan-Daniel"]
[Black "Ibarra Jerez, Jose Carlos"]
[WhiteFideId "1226380"]
[BlackFideId "2226332"]
[WhiteElo "2644"]
[BlackElo "2631"]
[Result "0-1"]
[Round "10"]
[TimeControl "180+2"]
[Date "2023.06.07"]
[WhiteClock "0:00:07"]
[BlackClock "0:00:05"]
[Board "3"]

1. d4 f6 2. e4 g6 3. h4 d5 4. exd5 Qxd5 5. c4 Qd6 6. Nc3 Bh6 7. h5 Bxc1 8. Rxc1 g5 9. h6 Bf5 10. Qf3 Bc8 11. Qh5+ Kf8 12. Qd1 a6 13. Be2 Nc6 14. d5 Ne5 15. Nf3 Nxf3+ 16. Bxf3 Qe5+ 17. Qe2 Qxe2+ 18. Bxe2 f5 19. Bd3 Nf6 20. Ne2 e5 21. dxe6 Bxe6 22. Nd4 Re8 23. Kd2 f4 24. Rce1 Bd7 25. Nf3 Rg8 26. Ne5 Be6 27. g3 fxg3 28. fxg3 Ke7 29. Rhf1 Rgf8 30. Kc3 Kd6 31. b4 c5 32. bxc5+ Kxc5 33. Rf2 Nd5+ 34. cxd5 Rxf2 35. dxe6 Rxe6 36. Bxh7 Kd5 37. Be4+ Kxe5 38. h7 Rh2 39. Bd3+ Kd6 40. Rf1 Re3 41. Kd4 Rxg3 42. Rf7 Rh4+ 43. Be4 Rgg4 44. Kd3 Rxe4 45. h8=Q Rxh8 46. Kxe4 Kc6 47. Rg7 Rh2 48. Rg6+ Kc7 49. Rg7+ Kb6 50. Rxg5 Rxa2 51. Kd4 Ra5 52. Rg6+ Ka7 53. Kc3 Rc5+ 54. Kb3 Rc6 55. Rg7 Kb6 0-1


[Site "https://www.chess.com"]

[Event "Titled Tuesday Blitz June 6 Late 2023"]
[White "Martinez Alcantara, Jose Eduardo"]
[Black "Makarian, Rudik"]
[WhiteFideId "3805662"]
[BlackFideId "44105681"]
[WhiteElo "2711"]
[BlackElo "2451"]
[Result "0-1"]
[Round "10"]
[TimeControl "180+2"]
[Date "2023.06.07"]
[WhiteClock "0:00:19"]
[BlackClock "0:00:22"]
[Board "4"]

1. e4 c5 2. Nf3 Nc6 3. c3 Nf6 4. Bd3 d5 5. e5 Nd7 6. Bb5 e6 7. Bxc6 bxc6 8. d3 Be7 9. Qe2 a5 10. c4 a4 11. Nc3 Nb6 12. O-O Qc7 13. Bf4 h6 14. Bg3 g5 15. h3 h5 16. b3 Bd7 17. Rfc1 Rg8 18. Nd2 g4 19. h4 Qd8 20. Nxa4 Nxa4 21. bxa4 Bxh4 22. cxd5 cxd5 23. Nb3 Bg5 24. f4 gxf3 25. Qxf3 Bxc1 26. Rxc1 Qg5 27. Bf4 Qg4 28. Qf2 Rxa4 29. Bd2 Qh3 30. d4 Qg3 31. Nxc5 Rxa2 32. Rd1 Ba4 33. Nxa4 Qxf2+ 34. Kxf2 Rxa4 35. Be3 Ra2+ 36. Kf3 Raxg2 37. Rb1 R8g3+ 38. Kf4 Rg4+ 39. Kf3 R2g3+ 40. Kf2 h4 41. Rb8+ Ke7 42. Rh8 Rg2+ 43. Kf3 R2g3+ 44. Kf2 h3 45. Bc1 Rc3 46. Bh6 Rxd4 47. Bg5+ Kd7 48. Ke2 Re4+ 49. Kd2 Rf3 50. Rd8+ Kc7 51. Rh8 Ra4 52. Ke2 Rb3 53. Bd2 Ra2 54. Kd1 Rb1+ 55. Bc1 Raa1 56. Kc2 Rxc1+ 57. Kb3 Rh1 58. Rh7 Rab1+ 59. Kc3 Rbg1 60. Kd4 Kc6 61. Rh8 Rg4+ 62. Ke3 Re4+ 63. Kf3 Rf1+ 64. Kg3 Rf5 65. Kh2 Re2+ 66. Kg3 Rg5+ 67. Kf4 Rg1 68. Kf3 Ra2 69. Kf4 Ra4+ 70. Ke3 Rg3+ 71. Kf2 Rb3 72. Rc8+ Kd7 73. Rc1 Ra2+ 74. Kg1 Rbb2 75. Kh1 Rh2+ 76. Kg1 Rag2+ 77. Kf1 Rh1# 0-1


[Site "https://www.chess.com"]

[Event "Titled Tuesday Blitz June 6 Late 2023"]
[White "Lazavik, Denis"]
[Black "Svane, Frederik"]
[WhiteFideId "13515110"]
[BlackFideId "12923044"]
[WhiteElo "2560"]
[BlackElo "2502"]
[Result "1-0"]
[Round "10"]
[TimeControl "180+2"]
[Date "2023.06.07"]
[WhiteClock "0:01:11"]
[BlackClock "0:00:21"]
[Board "5"]

1. d4 d5 2. c4 e6 3. Nf3 a6 4. cxd5 exd5 5. Nc3 Nf6 6. Bg5 Be6 7. e3 Nbd7 8. Bd3 c6 9. O-O Bd6 10. Bf4 Qb8 11. Bxd6 Qxd6 12. Qc2 O-O 13. h3 Rfe8 14. Rfc1 g6 15. Rab1 Nh5 16. Na4 Ng7 17. b4 Bf5 18. Nc5 Bxd3 19. Qxd3 Rab8 20. a4 Nf5 21. b5 axb5 22. axb5 Nxc5 23. Rxc5 Ne7 24. Rbc1 Ra8 25. bxc6 bxc6 26. Ne5 Rec8 27. Qc2 Ra6 28. Nd3 Rb8 29. Qd2 Rba8 30. Nb4 Rb6 31. Qc3 Rc8 32. Qa3 Rcb8 33. Nc2 Kg7 34. Ne1 h5 35. Nf3 Rb3 36. Qa5 R3b5 37. Qd2 Rb2 38. R5c2 Rxc2 39. Qxc2 Rb5 40. Qc3 Qb4 41. Ne5 Qxc3 42. Rxc3 Rb1+ 43. Kh2 Rb2 44. Nd3 Rd2 45. Kg1 Rd1+ 46. Kh2 Rd2 47. g4 h4 48. Kg2 Rb2 49. Nxb2 1-0


[Site "https://www.chess.com"]

[Event "Titled Tuesday Blitz June 6 Late 2023"]
[White "Andreikin, Dmitry"]
[Black "Moroni, Luca Jr"]
[WhiteFideId "4158814"]
[BlackFideId "865834"]
[WhiteElo "2736"]
[BlackElo "2569"]
[Result "1-0"]
[Round "10"]
[TimeControl "180+2"]
[Date "2023.06.07"]
[WhiteClock "0:00:54"]
[BlackClock "0:00:53"]
[Board "6"]

1. d4 g6 2. e4 Bg7 3. Nc3 a6 4. h4 h6 5. h5 g5 6. f4 gxf4 7. Bxf4 d6 8. Qd2 Nc6 9. Nf3 Bg4 10. d5 Ne5 11. Nxe5 dxe5 12. Be3 Nf6 13. Be2 Qd7 14. O-O-O O-O-O 15. Rdf1 Rdg8 16. Qd3 Bxe2 17. Qxe2 Ng4 18. Bd2 Bf6 19. Rf5 Rh7 20. Kb1 e6 21. Rf3 Bg5 22. Rd1 Bxd2 23. Rxd2 Qe7 24. Na4 Kb8 25. Rb3 Ka8 26. Qc4 Nf6 27. Rxb7 Kxb7 28. Nc5+ Qxc5 29. Qxc5 Rhg7 30. Qc6+ Kb8 31. d6 Rxg2 32. Qxc7+ Ka8 33. Rxg2 Rxg2 34. b4 1-0


[Site "https://www.chess.com"]

[Event "Titled Tuesday Blitz June 6 Late 2023"]
[White "Bortnyk, Mykola"]
[Black "Fernandez Guillen, Ernesto J."]
[WhiteFideId "14120836"]
[BlackFideId "3512428"]
[WhiteElo "2592"]
[BlackElo "2434"]
[Result "1-0"]
[Round "10"]
[TimeControl "180+2"]
[Date "2023.06.07"]
[WhiteClock "0:00:06"]
[BlackClock "0:00:04"]
[Board "7"]

1. e4 e5 2. Nf3 Nc6 3. Bb5 f5 4. Nc3 Nf6 5. Qe2 Qe7 6. exf5 e4 7. Bxc6 bxc6 8. Ng5 d5 9. Ne6 Bxe6 10. fxe6 Qxe6 11. d3 Bb4 12. Bd2 O-O 13. O-O Rae8 14. dxe4 Bxc3 15. Bxc3 Nxe4 16. Ba5 Qf6 17. Qa6 Re6 18. Bxc7 Nd2 19. Rfd1 Qxf2+ 20. Kh1 Re2 21. Rg1 Ne4 22. h3 Rf3 23. Qc8+ Rf8 24. Qe6+ Qf7 25. Qxf7+ Rxf7 26. Bb8 Rb7 27. Bf4 Rxb2 28. a4 Rbxc2 29. Rab1 h6 30. Rb7 Kh7 31. Kh2 Nf6 32. Rxa7 Re4 33. Bd6 Ra2 34. Bf8 Ne8 35. Rf1 Re6 36. Rf3 Rg6 37. Rg3 Rxg3 38. Kxg3 Kg8 39. Bc5 Nf6 40. Bd4 Ne4+ 41. Kf3 g5 42. g4 c5 43. Be5 c4 44. a5 c3 45. Ke3 c2 46. Rc7 Rxa5 47. Rxc2 Ra3+ 48. Kd4 Rxh3 49. Kxd5 Ng3 50. Ke6 Nf1 51. Rc8+ Kh7 52. Rh8+ Kg6 53. Rg8+ Kh7 54. Rg7+ Kh8 55. Rf7+ Kg8 56. Rxf1 Rh4 57. Kf5 Rh3 58. Kg6 Re3 59. Ra1 Kf8 60. Bf6 Ke8 61. Ra7 Re6 62. Rh7 1-0


[Site "https://www.chess.com"]

[Event "Titled Tuesday Blitz June 6 Late 2023"]
[White "Maksimovic, Bojan"]
[Black "Svane, Rasmus"]
[WhiteFideId "14408120"]
[BlackFideId "4657101"]
[WhiteElo "2457"]
[BlackElo "2601"]
[Result "0-1"]
[Round "10"]
[TimeControl "180+2"]
[Date "2023.06.07"]
[WhiteClock "0:00:03"]
[BlackClock "0:00:09"]
[Board "8"]

1. e4 c6 2. d4 d5 3. Nc3 dxe4 4. Nxe4 Nf6 5. Nxf6+ exf6 6. c3 Bd6 7. Bd3 O-O 8. Qc2 Re8+ 9. Ne2 h6 10. O-O Nd7 11. Bd2 Nf8 12. Rae1 Be6 13. Nf4 Bxf4 14. Bxf4 b5 15. Re3 Bc4 16. Bxc4 bxc4 17. Qa4 Rxe3 18. Bxe3 Qd5 19. b3 cxb3 20. axb3 Ne6 21. c4 Qe4 22. Rd1 Re8 23. h3 Rd8 24. d5 cxd5 25. cxd5 Qxa4 26. bxa4 a6 27. Kf1 Kf8 28. Ke2 Nc7 29. Bb6 Rd7 30. Bxc7 Rxc7 31. d6 Rc8 32. Ke3 Rb8 33. Kd4 Ke8 34. Kd5 Rb2 35. Kc6 Kd8 36. a5 Rxf2 37. Kb6 Rxg2 38. Kxa6 Rb2 39. d7 f5 40. Rd5 f4 41. Rf5 f6 42. Rxf4 Kxd7 43. Rg4 g5 44. Ka7 f5 45. Rg1 f4 46. a6 Ke6 47. h4 Kf5 48. hxg5 hxg5 49. Ka8 f3 50. a7 Ra2 51. Kb7 g4 52. Rb1 Rxa7+ 53. Kxa7 g3 54. Kb6 g2 55. Kc5 f2 0-1


[Site "https://www.chess.com"]

[Event "Titled Tuesday Blitz June 6 Late 2023"]
[White "Durarbayli, Vasif"]
[Black "Prohaszka, Peter"]
[WhiteFideId "13402935"]
[BlackFideId "726265"]
[WhiteElo "2551"]
[BlackElo "2626"]
[Result "1-0"]
[Round "10"]
[TimeControl "180+2"]
[Date "2023.06.07"]
[WhiteClock "0:00:05"]
[BlackClock "0:00:01"]
[Board "9"]

1. e4 c6 2. d4 d5 3. e5 Bf5 4. Nf3 e6 5. Be2 Ne7 6. Nbd2 h6 7. a4 Bh7 8. a5 a6 9. b4 Nd7 10. O-O Ng6 11. c3 f6 12. Re1 fxe5 13. Nxe5 Ndxe5 14. dxe5 Be7 15. Nb3 c5 16. Bg4 Qd7 17. bxc5 Rc8 18. Ba3 O-O 19. Nd4 Nf4 20. g3 h5 21. gxf4 hxg4 22. Qxg4 Bf5 23. Qg3 Bxc5 24. Bxc5 Rxc5 25. Kh1 Be4+ 26. f3 Rxc3 27. Rac1 Qc8 28. Nxe6 Bxf3+ 29. Kg1 Rf7 30. Rxc3 Qxc3 31. Ng5 Qd4+ 32. Qf2 Qxf4 33. Nxf7 Qg4+ 34. Qg3 Qd4+ 35. Kf1 Be4 36. Ng5 Bd3+ 37. Kg2 Qb2+ 38. Qf2 Qc3 39. Qf7+ 1-0


[Site "https://www.chess.com"]

[Event "Titled Tuesday Blitz June 6 Late 2023"]
[White "Ozer, Omer Faruk"]
[Black "Xiong, Jeffery"]
[WhiteFideId "6354564"]
[BlackFideId "2047640"]
[WhiteElo "2260"]
[BlackElo "2726"]
[Result "0-1"]
[Round "10"]
[TimeControl "180+2"]
[Date "2023.06.07"]
[WhiteClock "0:00:06"]
[BlackClock "0:01:48"]
[Board "10"]

1. e4 c6 2. d4 d5 3. e5 Bf5 4. Nc3 e6 5. g4 Bg6 6. Nge2 c5 7. Be3 Nc6 8. dxc5 h5 9. Nd4 hxg4 10. Bb5 Ne7 11. Qxg4 Qc7 12. f4 O-O-O 13. Bxc6 Nxc6 14. Ncb5 Qa5+ 15. Bd2 Qa6 16. Nxc6 bxc6 17. Nd6+ Bxd6 18. cxd6 Be4 19. O-O-O Qa4 20. Kb1 Qxc2+ 21. Ka1 Bxh1 22. Rxh1 Qxd2 23. a3 Rxh2 24. Rxh2 Qxh2 25. Qxg7 Qxf4 26. Qg1 Qxe5 27. Qc5 Qxd6 28. Qxa7 d4 0-1


[Site "https://www.chess.com"]